 Dungeon Crawl Stone Soup version 0.30.1-4-g462c640d31 (webtiles) character file.

Game seed: 12143080469783152401

36 Amplified the Insei (level 2, 0/22 HPs)
             Began as a Demonspawn Transmuter on Sept 7, 2023.
             Was a Believer of Ru.
             Succumbed to an adder's poison
             ... on level 2 of the Dungeon.
             The game lasted 00:02:58 (1080 turns).

Amplified the Insei (Demonspawn Transmuter)         Turns: 1080, Time: 00:02:59

Health: 0/22       AC:  2    Str:  8    XL:     2   Next: 19%
Magic:  5/5        EV: 12    Int: 12    God:    Ru [**....]
Gold:   67         SH:  0    Dex: 13    Spells: 5/6 levels left

rFire   . . .        b - +0 whip (protect)
rCold   . . .        (no shield)
rNeg    . . .        a - +0 robe
rPois   .            (no helmet)
rElec   .            (no cloak)
rCorr   .            (no gloves)
SInv    .            (no boots)
Will    .....        (no amulet)
Stlth   +            (no ring)
HPRegen 0.23/turn    (no ring)
MPRegen 0.09/turn

%: clarity
@: mighty, lethally poisoned (0 -> -1)
A: hooves 1, inexperienced 1, clarity, dopey 1, weak 1, noise suppression
a: Renounce Religion


You were on level 2 of the Dungeon.
You worshipped Ru.
Ru was pleased with you.
You visited 1 branch of the dungeon, and saw 2 of its levels.

You collected 67 gold pieces.

Inventory:

Hand Weapons
 b - a +0 whip of protection (weapon)
Armour
 a - a +0 robe (worn)
Jewellery
 h - the ring of a Thousand Ageing Wars {Will+ Str+4 Dex-4 Stlth+}
   (You found it on level 2 of the Dungeon)

   [ring of willpower]

   Str:       It affects your strength (+4).
   Dex:       It affects your dexterity (-4).
   Will:      It increases your willpower.
   Stlth:     It makes you more stealthy.
Scrolls
 c - a scroll of fog {unknown}
 d - 3 scrolls of enchant armour {unknown}
 f - a scroll of magic mapping {unknown}
 g - a scroll of torment {unknown}
Potions
 e - a potion of might


   Skills:
 * Level 2.0 Fighting
 - Level 1.7 Dodging
 - Level 2.6 Unarmed Combat
 * Level 2.5 Spellcasting
 * Level 2.3 Transmutations


You had 5 spell levels left.
You knew the following spells:

 Your Spells              Type           Power      Damage    Failure   Level
a - Beastly Appendage     Tmut           14%        N/A       10%         1

Your spell library contained the following spells:

 Spells                   Type           Power      Damage    Failure   Level
 Wereblood                Tmut           7%         N/A       14%         2
 Spider Form              Tmut/Pois      4%         N/A       43%         3
 Ice Form                 Ice/Tmut       4%         N/A       85%         4
 Petrify                  Tmut/Erth      4%         N/A       85%         4
 Dragon Form              Tmut           3%         N/A       100%        7
 Death's Door             Necr           0%         N/A       100%        9


Dungeon Overview and Level Annotations

Branches:
Dungeon (2/15)

Altars:
Ru


Innate Abilities, Weirdness & Mutations

You have large cloven feet.
You are somewhat inexperienced. (-1 XL)
You possess an exceptional clarity of mind.
You are dopey. (Int -2)
You are weak. (Str -2)
You passively dampen the noise of your surroundings.


Message History

Unknown command.
You barely miss the adder. Your kick misses the adder.
The adder is lightly wounded.
You feel very sick.
You redirect the adder's attack!
The adder barely misses the frilled lizard.
The adder is stunned by your conviction and fails to attack.
Unknown command.
You hit the adder.
Your weapon exudes an aura of protection.
Your kick misses the adder.
The adder is moderately wounded.
You feel sick.
The adder is stunned by your conviction and fails to attack.
The adder bites you but does no damage.
You closely miss the adder. You kick the adder.
The adder is heavily wounded.
You feel sick. The adder closely misses you.
Unknown command.
It was a potion of might.
You feel very mighty all of a sudden.
You feel sick.
You redirect the adder's attack!
The adder misses itself.
The adder bites you but does no damage.
Unknown command.
You barely miss the adder. Your kick misses the adder.
The adder is heavily wounded.
You feel sick. The adder bites you.
* * * LOW HITPOINT WARNING * * *
You barely miss the adder. Your kick misses the adder.
The adder is heavily wounded.
You feel sick. The adder closely misses you. The adder bites you.
* * * LOW HITPOINT WARNING * * *
Unknown command.
Okay, then.
Okay, then.
Okay, then.
You miss the adder.
The adder is heavily wounded.
You die...

### #.##### #### #......
..# #.##### #.# #.#....
#.###.############.#.### #
#....lS@................
#...####.############.#.###
#............. #.#.#
...)....b####.## #.#.#
.!......... ######.#.#
.....$....... #........#
.#.####..##...##.######.# #
#... ...$ #.# #... ..# #.#


You could see an adder and a frilled lizard.

Vanquished Creatures
  An adder (D:2)
  A dart slug (D:1)
  A ball python (D:2)
  4 bats
  4 endoplasms
  4 giant cockroaches (D:1)
  A hobgoblin (D:1)
  3 jackals (D:2)
  2 kobolds (D:1)
  A frilled lizard (D:2)
  A goblin (D:2)
  A rat (D:1)
24 creatures vanquished.

Notes
Turn   | Place    | Note
-------+----------+-------------------------------------------
     0 | D:1      | Amplified the Demonspawn Transmuter began the quest for the
                  | Orb.
     0 | D:1      | Reached XP level 1. HP: 15/15 MP: 3/3
   135 | D:1      | Gained mutation: You possess an exceptional clarity of
                  | mind. [potion of mutation]
   135 | D:1      | Gained mutation: You passively dampen the noise of your
                  | surroundings. [potion of mutation]
   135 | D:1      | Gained mutation: You have hidden genetic defects. [potion
                  | of mutation]
   154 | D:1      | Lost mutation: You have razor-sharp toenails. [demonic
                  | ancestry]
   154 | D:1      | Lost mutation: You have sharp toenails. [demonic ancestry]
   154 | D:1      | Gained mutation: You have large cloven feet. [demonic
                  | ancestry]
   154 | D:1      | Reached XP level 2. HP: 3/21 MP: 5/5
   241 | D:1      | Got Oledd's Thoughts on Configuration and Bodies
   251 | D:1      | Gained mutation: You are weak. (Str -2) [hidden defects]
   420 | D:1      | Gained mutation: You are dopey. (Int -2) [hidden defects]
   420 | D:1      | Lost mutation: You have hidden genetic defects. [hidden
                  | defects expressed]
   693 | D:1      | Found a faded altar of an unknown god.
   701 | D:1      | Prayed at the altar of an unknown god.
   701 | D:1      | Became a worshipper of Ru the Awakened
   706 | D:1      | Gained mutation: You are somewhat inexperienced. (-1 XL)
                  | [Ru sacrifice]
   706 | D:1      | Reached XP level 1. HP: 16/16 MP: 3/3
   706 | D:1      | Reached * piety under Ru
   706 | D:1      | Reached ** piety under Ru
   907 | D:2      | Reached XP level 2. HP: 21/22 MP: 3/5
  1007 | D:2      | Identified the ring of a Thousand Ageing Wars {Will+ Str+4
                  | Dex-4 Stlth+}
  1079 | D:2      | HP: 1/22 [adder (4)]
  1080 | D:2      | Succumbed to an adder's poison

Illustrated notes

Levels and vault maps discovered:
D:1:      scummos_arrival_checkerplants, layout_basic,
          ebering_ecumenical_altar_webs
D:2:      layout_basic

Skill      XL: |  1  2 |
---------------+-------+-----
Transmutations | 2 |  2.3
Fighting       | 2 |  2.0
Dodging        | |  1.7
Unarmed Combat | |  2.6
Spellcasting   | |  2.5

Action                     || total
---------------------------++-------
  Melee: Whip              ||   105
         Unarmed           ||    15
         Kick              ||    28
         Punch             ||     2
   Cast: Beastly Appendage ||     3
 Invoke: Sacrifice Experie ||     1
    Use: Potion            ||     3
         Scroll            ||     2
   Stab: Sleeping          ||     3
 Armour: Robe              ||    40
         Skin              ||     2
  Dodge: Dodged            ||    85
